 Dungeon Crawl Stone Soup version 0.31.0-9-g3a7656b989 (webtiles) character file.

Game seed: 9187357365550326964

170 qw the Shooter (level 5, -11/41 HPs)
             Began as a Demigod Hunter on Feb 2, 2024.
             Killed from afar by Ijyb (18 damage)
             ... with a bolt of light
             ... on level 3 of the Dungeon.
             The game lasted 00:00:09 (1978 turns).

qw the Shooter (Demigod Hunter)                     Turns: 1978, Time: 00:00:09

Health: -11/41     AC:  4    Str: 12    XL:     5   Next: 4%
Magic:  7/7        EV: 12    Int: 11    God:
Gold:   135        SH:  0    Dex: 21    Spells: 4/4 levels left

rFire   . . .        a - +0 shortbow
rCold   . . .        (shield currently unavailable)
rNeg    . . .        c - +0 leather armour
rPois   .            (no helmet)
rElec   .            (no cloak)
rCorr   .            (no gloves)
SInv    .            i - +0 pair of boots
Will    .....        (no amulet)
Stlth   ++           (no ring)
HPRegen 0.26/turn    (no ring)
MPRegen 0.10/turn

%: no passive effects
@: hasted, invisible, very quick
A: high MP 1, forlorn, divine attributes
a: no special abilities


You were on level 3 of the Dungeon.
You visited 1 branch of the dungeon, and saw 3 of its levels.

You collected 135 gold pieces.


Innate Abilities, Weirdness & Mutations

You have an increased reservoir of magic. (+10% MP)
You shall have no god before yourself.
Your divine heritage dramatically boosts your attributes as you level up.


   Skills:
 - Level 2.0 Fighting
 + Level 5.8 Ranged Weapons
 - Level 2.1 Dodging
 - Level 0.8 Stealth


You had 4 spell levels left.
You didn't know any spells.
Your spell library was empty.

Inventory:

Hand Weapons
 a - a +0 shortbow (weapon)
Armour
 c - a +0 leather armour (worn)
 i - a +0 pair of boots (worn)
Scrolls
 b - a scroll of identify

Dungeon Overview and Level Annotations

Branches:
Dungeon (3/15)

Annotations:
D:3 Ijyb


Message History

Ijyb is moderately wounded.
Ijyb zaps a wand.
The bolt of light hits you!
You are confused.
The goblin misses you. Ijyb hits you with a +0 dagger.
1968 ||| DRINKING murky amethyst potion.
It was a potion of invisibility.
You fade into invisibility!
The goblin hits you but does no damage. Ijyb closely misses you.
1969 ||| DRINKING dark potion.
It was a potion of haste.
You feel yourself speed up.
You feel less confused. The goblin misses you.
Ijyb zaps a wand.
The bolt of light misses you.
You shoot an arrow. The arrow hits Ijyb but does no damage.
Ijyb is moderately wounded.
A goblin comes into view. It is wielding a +0 dagger.
The goblin hits you with a +0 dagger.
You shoot an arrow. The arrow completely misses Ijyb.
The goblin shouts!
Ijyb closely misses you. The goblin closely misses you.
You shoot an arrow. The arrow completely misses Ijyb.
Ijyb screams, "I cut your head off!" Ijyb closely misses you.
The goblin closely misses you.
You shoot an arrow. The arrow hits Ijyb but does no damage.
Ijyb is moderately wounded.
Ijyb zaps a wand.
The bolt of light hits you!
You shoot an arrow. The arrow hits Ijyb but does no damage.
Ijyb is moderately wounded.
The goblin hits you but does no damage.
You shoot an arrow. The arrow hits Ijyb.
Ijyb is moderately wounded.
Ijyb hits you but does no damage. The goblin hits you but does no damage.
You shoot an arrow. The arrow hits Ijyb.
Ijyb is heavily wounded.
Ijyb zaps a wand.
The bolt of light misses you. The goblin hits you but does no damage.
You shoot an arrow. The arrow hits Ijyb!
Ijyb is almost dead.
You shoot an arrow. The arrow closely misses Ijyb.
Ijyb zaps a wand.
The bolt of light hits you!!
You die...

#..# ##...........## #.##
#####......... #### ###.#
#.........##.. #...##
#.......#..#.# #....##
#.......##...## ##..#..#
#.......###...#
.....##)#####
###.######...#..
######.......####...#
####.#####
.8g8g...##)gg@#.#####....#
.......#..g)##g..)...<.####
# .......####...#...######
# ....... #...#......# #..
....... #..#######.# #..#
....... #.!# .. #.# .8.8
..## ... #. .## ## . #


You could see Ijyb (unable to see you) and 3 goblins.

Vanquished Creatures
  2 orc wizards (D:2)
  5 adders
  A dart slug (D:1)
  2 ribbon worms (D:2)
  3 orcs (D:2)
  5 endoplasms
  4 giant cockroaches (D:1)
  3 goblins (D:3)
  6 hobgoblins
  3 jackals (D:2)
  8 kobolds
  3 quokkas
  8 ball pythons
  7 bats
  5 frilled lizards
  3 rats
68 creatures vanquished.

Notes
Turn   | Place    | Note
-------+----------+-------------------------------------------
     0 | D:1      | qw the Demigod Hunter began the quest for the Orb.
     0 | D:1      | Reached XP level 1. HP: 17/17 MP: 3/3
     0 | D:1      | 0 ||| qw: Version: 0.3-a-155-g5e7d8dd
     0 | D:1      | 0 ||| qw: Game counter: 122
     0 | D:1      | 0 ||| qw: Melee chars always use a shield: true
     0 | D:1      | 0 ||| qw: God list: Okawaru
     0 | D:1      | 0 ||| qw: Allow faded altars: false
     0 | D:1      | 0 ||| qw: Do Orc after clearing Dungeon:15 true
     0 | D:1      | 0 ||| qw: Do second Lair branch before Depths: true
     0 | D:1      | 0 ||| qw: Lair rune preference: random
     0 | D:1      | 0 ||| qw: Goals: Normal
     0 | D:1      | 0 ||| PLANNING D:1-11
   159 | D:1      | Reached skill level 4 in Ranged Weapons
   218 | D:1      | Reached XP level 2. HP: 21/24 MP: 4/4
   747 | D:1      | Reached XP level 3. HP: 29/29 MP: 5/5
   902 | D:1      | 902 ||| DROPPING scroll of butterflies.
  1242 | D:2      | Reached skill level 5 in Ranged Weapons
  1289 | D:2      | Reached XP level 4. HP: 36/36 MP: 6/6
  1519 | D:2      | 1519 ||| UPGRADING to +0 pair of boots.
  1524 | D:2      | 1524 ||| READING scroll labelled AHYCAL QE NILULEIRPH.
  1525 | D:2      | 1525 ||| READING 2 scrolls labelled LYM BUTIWNAH.
  1525 | D:2      | 1525 ||| IDENTIFYING sedimented coppery potion
  1526 | D:2      | 1526 ||| READING scroll of identify.
  1526 | D:2      | 1526 ||| IDENTIFYING smoky coppery potion
  1527 | D:2      | 1527 ||| DROPPING potion of degeneration.
  1528 | D:2      | 1528 ||| DROPPING potion of lignification.
  1565 | D:3      | 1565 ||| STAIRDANCE
  1594 | D:3      | 1594 ||| STAIRDANCE
  1604 | D:3      | 1604 ||| STAIRDANCE
  1651 | D:3      | 1651 ||| STAIRDANCE
  1714 | D:3      | 1714 ||| STAIRDANCE
  1732 | D:2      | HP: 7/36 [something (4)]
  1733 | D:2      | HP: 2/36 [something (3)]
  1950 | D:3      | Reached XP level 5. HP: 36/41 MP: 7/7
  1952 | D:3      | 1952 ||| FLEEEEING.
  1952 | D:3      | Noticed Ijyb
  1953 | D:3      | 1953 ||| FLEEEEING.
  1954 | D:3      | 1954 ||| FLEEEEING.
  1955 | D:3      | 1955 ||| FLEEEEING.
  1956 | D:3      | 1956 ||| FLEEEEING.
  1957 | D:3      | 1957 ||| FLEEEEING.
  1958 | D:3      | 1958 ||| FLEEEEING.
  1959 | D:3      | 1959 ||| FLEEEEING.
  1968 | D:3      | 1968 ||| DRINKING murky amethyst potion.
  1969 | D:3      | 1969 ||| DRINKING dark potion.
  1973 | D:3      | HP: 6/41 [Ijyb/bolt of light (14)]
  1978 | D:3      | Killed from afar by Ijyb

Levels and vault maps discovered:
D:1:      onia_arrival_mini_spirals, layout_basic, minivault_4,
          minmay_small_reverse_x
D:2:      layout_basic, serial_forest, infiniplex_forest_lined_room_2,
          infiniplex_forest_lined_room_2, infiniplex_forest_straight_2,
          infiniplex_forest_clump_large, infiniplex_forest_straight_4,
          infiniplex_forest_clump_small, infiniplex_forest_lined_2
D:3:      kennysheep_the_goblin_king, layout_rooms, zin_treasury

Skill      XL: |  1  2  3 |
---------------+----------+-----
Ranged Weapons | 4 5 |  5.8
Fighting       | 2 |  2.0
Dodging        | 2 |  2.1
Stealth        | |  0.8

Action                     |  1- 3 |  4- 6 || total
---------------------------+-------+-------++-------
   Fire: Shortbow          |   121 |    96 ||   217
    Use: Scroll            |       |     3 ||     3
         Potion            |       |     2 ||     2
 Armour: Leather armour    |    19 |    69 ||    88
  Dodge: Dodged            |    20 |    29 ||    49

Table legend:
 A = Non-vault XP
 B = Vault XP
 C = Vault XP percentage of total XP
 D = Non-vault monster count
 E = Vault monster count
 F = Vault count percentage of total count
                 A         B        C        D         E       F
            +---------+---------+-------+---------+---------+-------
      Total |     232 |      11 |   4.5 |      61 |       7 |  10.3
            +---------+---------+-------+---------+---------+-------
        D:1 |      46 |       5 |   9.8 |      27 |       4 |  12.9
        D:2 |     162 |       0 |   0.0 |      27 |       0 |   0.0
        D:3 |      24 |       6 |  20.0 |       7 |       3 |  30.0
            +---------+---------+-------+---------+---------+-------
